 Dungeon Crawl Stone Soup version 0.32-a0-172-gc5dd13f2a7 (webtiles) character file.

Game seed: 13531885190647229637

2141 croobank the Ducker (level 9, -8/103 HPs)
             Began as a Human Shapeshifter on Feb 12, 2024.
             Was an Initiate of Gozag.
             Mangled by Maggie
             ... wielding a +2 halberd of flaming
              (14 damage)
             ... on level 7 of the Dungeon on Feb 13, 2024.
             The game lasted 00:17:20 (8369 turns).

croobank the Ducker (Human Shapeshifter)            Turns: 8369, Time: 00:17:20

Health: -8/103     AC:  3    Str: 14    XL:     9   Next: 30%
Magic:  18/18      EV: 14    Int: 16    God:    Gozag
Gold:   795        SH:  0    Dex: 14    Spells: 8/8 levels left

rFire   + . .        j - +6 whip of Gujol {spect, rF+ Dex+2}
rCold   . . .        (no shield)
rNeg    . . .        a - +1 animal skin
rPois   .            (helmet currently unavailable)
rElec   .            (cloak currently unavailable)
rCorr   .            (gloves currently unavailable)
SInv    .            (boots currently unavailable)
Will    .....        (no amulet) Stlth
                     e - ring of magical power
HPRegen 0.37/turn    (no ring)
MPRegen 0.16/turn

%: no passive effects
@: berserking, beast-form, very quick
A: beast (slay +3), explore regen
a: Begin Untransformation, Renounce Religion, Potion Petition, Call Merchant,
Bribe Branch


You were on level 7 of the Dungeon.
You worshipped Gozag.
Gozag was pleased with you.
You were a hulking beast.
You visited 1 branch of the dungeon, and saw 7 of its levels.

You collected 840 gold pieces.
You paid 45 gold pieces to Gozag.

Inventory:

Hand Weapons
 j - the +6 whip of Gujol (weapon) {spect, rF+ Dex+2}
   (You found it on level 4 of the Dungeon)

   Dex+2:     It affects your dexterity (+2).
   rF+:       It protects you from fire.
 m - a +2 short sword of electrocution
Missiles
 s - 5 poisoned darts (quivered)
 v - a boomerang
Armour
 a - a +1 animal skin (worn)
 w - a +0 ring mail
Magical Staves
 l - a staff of conjuration
Jewellery
 e - a ring of magical power (left hand)
Talismans
 c - a beast talisman (active)
 d - a flux talisman
 n - a serpent talisman
Wands
 b - a wand of flame (20)
Scrolls
 i - 2 scrolls of blinking
 x - a scroll of brand weapon {unknown}
Potions
 f - a potion of attraction
 g - 4 potions of mutation
 k - 2 potions of brilliance
 o - a potion of cancellation {unknown}
 p - a potion of curing {unknown}
 q - a potion of heal wounds {unknown}
 r - 2 potions of magic {unknown}
 u - a potion of might


   Skills:
 + Level 5.9 Fighting
 + Level 5.0 Maces & Flails
 + Level 6.3 Dodging
 - Level 4.2 Unarmed Combat
 + Level 6.2 Shapeshifting


You had 8 spell levels left.
You didn't know any spells.
Your spell library contained the following spells:

 Spells                   Type           Power      Damage    Failure   Level
 Kiss of Death            Conj/Necr      0%         2d5       26%         1
 Magic Dart               Conj           0%         1d3       26%         1
 Blink                    Tloc           0%         N/A       36%         2
 Call Imp                 Summ           0%         N/A       36%         2
 Sublimation of Blood     Necr           0%         N/A       36%         2
 Confusing Touch          Hex            0%         N/A       58%         3
 Dispel Undead            Necr           0%         3d6       94%         4
 Petrify                  Alch/Erth      0%         N/A       94%         4
 Irradiate                Conj/Alch      0%         3d11      100%        5


Dungeon Overview and Level Annotations

Branches:
Dungeon (7/15)             Temple (0/1) D:5

Altars:
Ashenzari
Cheibriados
Fedhas
Gozag
Hepliaklqana
Okawaru
Ru
Sif Muna
Uskayaw
Wu Jian
Xom
Yredelemnul
Zin

Annotations:
D:6 1 runed translucent door, ooooo's ghost, novice OpCj
D:7 Jeremiah; Maggie


Innate Abilities, Weirdness & Mutations

You are a hulking beast.
Your limbs bulge with bestial killing power. (Slay +3)
You regain HP and MP as you explore.


Message History

Level annotation: Jeremiah; Maggie Welcome back, croobank the Human Shapeshifter.
Gozag says: Greed is good.
Press ? for a list of commands and other information.
Maggie is nearby!
Maggie hits you with a +2 halberd of flaming!
Maggie burns you.
You hit Maggie but do no damage.
Your +6 whip of Gujol {spect, rF+ Dex+2} closely misses Maggie.
Maggie gestures wildly while chanting.
Maggie attempts to bespell you! You resist with almost no effort.
You closely miss Maggie.
Your +6 whip of Gujol {spect, rF+ Dex+2} hits Maggie but does no damage.
Maggie gestures at you while chanting. The bolt of fire hits you. You resist.
You barely miss Maggie.
Your +6 whip of Gujol {spect, rF+ Dex+2} barely misses Maggie.
Maggie hits you with a +2 halberd of flaming!
Maggie burns you.
You hit Maggie but do no damage.
Your +6 whip of Gujol {spect, rF+ Dex+2} hits Maggie.
Maggie completely misses you.
You hit Maggie.
Maggie is lightly wounded.
Your +6 whip of Gujol {spect, rF+ Dex+2} hits Maggie but does no damage.
Maggie hits you with a +2 halberd of flaming!
* * * LOW HITPOINT WARNING * * *
A red film seems to cover your vision as you go berserk!
You feel yourself moving faster!
You feel mighty!
Your +6 whip of Gujol {spect, rF+ Dex+2} disappears.
Maggie hits you with a +2 halberd of flaming!
* * * LOW HITPOINT WARNING * * *
Maggie burns you.
* * * LOW HITPOINT WARNING * * *
You closely miss Maggie.
Maggie is lightly wounded.
Your +6 whip of Gujol {spect, rF+ Dex+2} hits Maggie.
Maggie hits you with a +2 halberd of flaming!
You die...
Your body crumbles into a pile of gold.

#.#.#.$.#.#.# #.#.#
#....@......#######.#.#
..##.....##.........#.#
............#######.#.#
...#.###.#.## #.#.#
............# #.#
..##.....##$### #.# #
..........@(# #.#
#.#...#.##h.# #.# .
#.#.#.....# ...
.....##....#≈≈# ....#
#....#≈≈# #....#≈≈#
.....#≈≈# #..#..#≈≈#
.>.#..#≈## ..#. ..###


You could see Maggie and a friendly +6 whip of Gujol {spect, rF+ Dex+2}.

Vanquished Creatures
  A steam dragon (D:7)
  2 water moccasins
  Duvessa (D:4)
  An ogre (D:6)
  2 black bears
  A phantom (D:6)
  2 centaurs
  A gnoll sergeant (D:6)
  A kobold brigand (D:6)
  2 bullfrogs
  2 scorpions (D:5)
  Dowan (D:4)
  4 bombardier beetles
  4 hounds
  A jelly (D:4)
  3 orc priests
  Terence (D:2)
  4 orc wizards
  7 adders
  7 gnolls (D:6)
  2 shadow imps
  2 dart slugs
  4 ribbon worms
  19 orcs
  6 bats
  6 endoplasms
  6 giant cockroaches
  10 goblins
  12 hobgoblins
  18 kobolds
  A quokka (D:2)
  8 ball pythons
  6 frilled lizards
  8 rats
156 creatures vanquished.

Notes
Turn   | Place    | Note
-------+----------+-------------------------------------------
     0 | D:1      | croobank the Human Shapeshifter began the quest for the
                  | Orb.
     0 | D:1      | Reached XP level 1. HP: 15/15 MP: 1/1
    89 | D:1      | Reached XP level 2. HP: 21/21 MP: 2/2
   338 | D:1      | Reached XP level 3. HP: 17/26 MP: 3/3
   810 | D:2      | Noticed Terence
  1156 | D:2      | Reached XP level 4. HP: 24/33 MP: 4/4
  1270 | D:2      | Identified the +1 leather armour "Vuhaamiz" {rC+}
  1440 | D:2      | Killed Terence
  1969 | D:3      | Reached XP level 5. HP: 39/39 MP: 5/5
  2204 | D:3      | Found a hide-covered altar of Uskayaw.
  2204 | D:3      | Found a sacrificial altar of Ru.
  2205 | D:3      | Found a shimmering blue altar of Sif Muna.
  2225 | D:3      | Found a glowing silver altar of Zin.
  2231 | D:3      | Found a basalt altar of Yredelemnul.
  2232 | D:3      | Found a broken altar of Ashenzari.
  2235 | D:3      | Found an opulent altar of Gozag.
  2239 | D:3      | Found an ornate altar of the Wu Jian Council.
  2241 | D:3      | Found a snail-covered altar of Cheibriados.
  2282 | D:3      | Became a worshipper of Gozag Ym Sagoz the Greedy
  2787 | D:3      | Found an iron altar of Okawaru.
  2991 | D:4      | Reached XP level 6. HP: 42/46 MP: 6/6
  3132 | D:4      | Identified the +6 whip of Gujol {spect, rF+ Dex+2}
  3393 | D:4      | Found a blossoming altar of Fedhas.
  3618 | D:4      | Identified the +1 robe of Impatience {rPois Regen+}
  3736 | D:5      | Entered Level 5 of the Dungeon
  3736 | D:5      | Noticed Duvessa
  3736 | D:5      | Noticed Dowan
  3746 | D:4      | Killed Duvessa
  3747 | D:4      | Reached skill level 1 in Maces & Flails
  3752 | D:4      | Killed Dowan
  3753 | D:4      | Reached XP level 7. HP: 37/52 MP: 7/7
  3965 | D:5      | Found a staircase to the Ecumenical Temple.
  4152 | D:5      | Found a hazy altar of Hepliaklqana.
  4153 | D:5      | Found a shimmering altar of Xom.
  4153 | D:5      | Noticed a Killer Klown
  4154 | D:5      | Noticed a spectral ugly thing
  4154 | D:5      | Noticed a Killer Klown
  4154 | D:5      | Noticed a Killer Klown
  4402 | D:5      | Reached XP level 8. HP: 58/60 MP: 8/8
  4743 | D:6      | Reached skill level 5 in Shapeshifting
  4856 | D:6      | Reached skill level 5 in Dodging
  5320 | D:6      | Reached skill level 5 in Fighting
  6111 | D:6      | Found a runed translucent door.
  6111 | D:6      | Noticed a gargoyle
  6111 | D:6      | Noticed ooooo's ghost (novice OpCj)
  6974 | D:7      | Noticed Jeremiah
  7942 | D:7      | Reached XP level 9. HP: 41/68 MP: 9/9
  8327 | D:7      | Noticed Maggie
  8352 | D:7      | Reached skill level 5 in Maces & Flails
  8369 | D:7      | Mangled by Maggie

Illustrated notes

Levels and vault maps discovered:
D:1:      minmay_arrival_cross, layout_rooms
D:2:      layout_loops_cross, minmay_pentomino_w2, uniq_terence
D:3:      layout_loops_ring, mainiacjoe_overflow_tiny_flanked,
          nicolae_overflow_hallway_of_the_gods
D:4:      layout_loops_ring, mainiacjoe_overflow_24_doors, grunt_decor_fettered,
          chequers_serial_rivers_large_b, minmay_misc_feat_diagonals,
          corexii_checkpoint
D:5:      layout_basic, regret_index_temple_of_mockery, temple_fountains,
          kennysheep_generic_room_16, uniq_duvessa
D:6:      layout_loops_ring, ebering_ghost_inner_flame
D:7:      nicolae_cairo_tiling_large_dashed, layout_basic, serial_aquarium,
          aquarium_bridge_straight [aquarium_subvault_bridge,
          aquarium_subvault_wall, aquarium_subvault_bridge,
          aquarium_subvault_balcony], aquarium_bridge_island_small
          [aquarium_subvault_small_open, aquarium_subvault_wall,
          aquarium_subvault_wall, aquarium_subvault_bridge,
          aquarium_subvault_bridge], aquarium_window_2, aquarium_window_2,
          aquarium_window_3, aquarium_view_2b, aquarium_balcony_3a,
          uniq_jeremiah, uniq_maggie

Skill      XL: |  1  2  3  4  5  6  7  8  9 |
---------------+----------------------------+-----
Fighting       | 2 3 4 5 |  5.9
Dodging        | 3 4 5 6 |  6.3
Unarmed Combat | 4 |  4.2
Shapeshifting  | 4 5 6 |  6.2
Maces & Flails | 1 2 4 5 |  5.0

Action                     |  1- 3 |  4- 6 |  7- 9 || total
---------------------------+-------+-------+-------++-------
  Melee: Unarmed           |   145 |    49 |       ||   194
         Punch             |     5 |     1 |       ||     6
         Short sword       |       |    75 |       ||    75
         Whip              |       |    23 |   168 ||   191
    Use: Scroll            |     2 |     4 |     7 ||    13
         Potion            |       |     3 |     1 ||     4
   Stab: Sleeping          |     1 |     4 |     1 ||     6
         Distracted        |       |       |     3 ||     3
 Armour: Animal skin       |    66 |    51 |   105 ||   222
         Skin              |       |    12 |       ||    12
  Dodge: Dodged            |   101 |    79 |   121 ||   301
         Form:             |     1 |       |       ||     1
         Beast             |     1 |       |       ||     1

Table legend: (Time is in decaauts)
 A = Elapsed time spent in this place.
 B = Non-inter-level travel time spent in this place.
 C = Inter-level travel time spent in this place.
 D = Time resting spent in this place.
 E = Time spent auto-exploring this place.
 F = Levels seen in this place.
 G = Mean time per level.
                   A        B        C        D        E       F      G
               +--------+--------+--------+--------+--------+-----+--------+
         Total |   8374 |   7660 |    714 |   2189 |   4057 |   7 | 1196.3 |
       Dungeon |   8374 |   7660 |    714 |   2189 |   4057 |   7 | 1196.3 |
               +--------+--------+--------+--------+--------+-----+--------+

Top non-repeatable levels by time:
     D:6: 3170 daAuts
     D:2: 1280 daAuts
     D:3: 1071 daAuts
     D:5: 950 daAuts
     D:4: 818 daAuts
     D:1: 604 daAuts
     D:7: 479 daAuts
